 Dungeon Crawl Stone Soup version 0.25-a0-294-gea9b1ad378 (webtiles) character file.

Game seed: 10294459788416188243, levelgen mode: deterministic

15 MoonlitKnight the Poker (level 2, 0/23 HPs)
             Began as a Merfolk Skald on Dec 19, 2019.
             Slain by an adder (4 damage)
             ... on level 2 of the Dungeon.
             The game lasted 00:01:20 (514 turns).

MoonlitKnight the Poker (Merfolk Skald)              Turns: 514, Time: 00:01:20

Health: 0/23       AC:  7    Str: 11    XL:     2   Next: 50%
Magic:  5/5        EV: 11    Int: 15    God:
Gold:   49         SH:  0    Dex: 13    Spells: 2/5 levels left

rFire    . . .     SeeInvis .   a - +0 spear
rCold    . . .     Gourm    .   (no shield)
rNeg     . . .     Faith    .   h - +0 ring mail (curse)
rPois    .         Spirit   .   e - +1 helmet {Int+3}
rElec    .         Reflect  .   (no cloak)
rCorr    .         Harm     .   (no gloves)
MR       .....                  (no boots)
Stlth    +.........             (no amulet)
HPRegen  0.07/turn              (no ring)
MPRegen  0.09/turn              (no ring)

@: lethally poisoned (0 -> -5)
A: change form in water, swift swim, stealthy swim
a: no special abilities


You were on level 2 of the Dungeon.
You were not hungry.

You visited 1 branch of the dungeon, and saw 3 of its levels.

You collected 49 gold pieces.

Inventory:

Hand Weapons
 a - a +0 spear (weapon)
Missiles
 g - 8 javelins (quivered)
Armour
 b - a +0 leather armour
 e - a +1 helmet of intelligence (worn)
 h - a cursed +0 ring mail (worn)
Scrolls
 c - a scroll of identify {unknown}
 f - a scroll of fog {unknown}
 k - a scroll of fear {unknown}
 l - a scroll of magic mapping {unknown}
Potions
 i - 2 potions of cancellation {unknown}
Comestibles
 d - 5 rations
 j - a chunk of flesh


   Skills:
 + Level 2.5 Fighting
 * Level 3.8 Polearms
 - Level 0.6 Armour
 + Level 3.1 Dodging
 - Level 2.0 Spellcasting
 - Level 3.2 Charms


You had 2 spell levels left.
You knew the following spells:

 Your Spells              Type           Power        Failure   Level  Hunger
a - Infusion              Chrm           ##..         14%         1    #......
b - Shroud of Golubria    Chrm/Tloc      #.....       38%         2    ###....

Your spell library contained the following spells:

 Spells                   Type           Power        Failure   Level  Hunger
 Song of Slaying          Chrm           ##......     22%         2    ###....
 Regeneration             Chrm/Necr      #.........   63%         3    ###....
 Spectral Weapon          Hex/Chrm       #.......     63%         3    ###....


Dungeon Overview and Level Annotations

Branches:
Dungeon (3/15)

Altars:


Message History

You hit the adder but do no damage.
The adder is heavily wounded.
The adder barely misses you. x2
You completely miss the adder.
The adder is heavily wounded.
You feel sick. The adder bites you but does no damage.
You hit the adder.
The adder is almost dead.
The adder bites you.
You miss the adder.
The adder is almost dead.
You feel sick. The adder bites you.
* * * LOW HITPOINT WARNING * * *
You hit the adder.
The adder is almost dead.
The adder bites you but does no damage.
You hit the adder but do no damage.
The adder is almost dead.
The adder bites you.
You die...

... .. #.. #.# #...
#.# #..> #.# ##....
#.# #...#.###.####.# #
...............# #.
#.S@...#.# .##.
#...####..#.# .... #.
#..#.# ## .##.
######..#.#####...###
#.........<.....#....
.....#..>#<#####...###
..######.#.# #.# #
#..#...#.# #.####
#..#...#.######.....


You could see an adder.

Vanquished Creatures
  An ooze (D:1)
  A goblin (D:1)
  3 hobgoblins
  3 bats
  A frilled lizard (D:1)
  2 rats
11 creatures vanquished.

Notes
Turn   | Place    | Note
-------+----------+-------------------------------------------
     0 | D:1      | MoonlitKnight the Merfolk Skald began the quest for the
                  | Orb.
     0 | D:1      | Reached XP level 1. HP: 16/16 MP: 3/3
    19 | D:1      | Noticed an electric eel
   125 | D:1      | Reached XP level 2. HP: 23/23 MP: 5/5
   136 | D:1      | Learned a level 2 spell: Shroud of Golubria
   480 | D:2      | You fall into a shaft and drop 1 floor!
   514 | D:2      | Slain by an adder

Levels and vault maps discovered:
D:1:      arrival_aquarium_a, layout_rooms, serial_park_tiny_pond,
          eino_curves_01
D:2:      cheibrodos_old_hovel, layout_loops_ring, hangedman_ru_absence
D:3:      layout_rooms, gammafunk_temple_overflow_wave,
          gammafunk_ghost_mausoleum, moated_statue, uniq_grinder

Skill      XL: |  1  2 |
---------------+-------+-----
Dodging        | 3 |  3.1
Fighting       | |  2.5
Polearms       | |  3.8
Armour         | |  0.6
Spellcasting   | |  2.0
Charms         | |  3.2

Action                   || total
-------------------------++-------
Melee: Spear             ||    62
 Stab: Sleeping          ||     1
Armor: Leather armour    ||     1
       Ring mail         ||    18
Dodge: Dodged            ||    28

Table legend:
 A = Non-vault XP
 B = Vault XP
 C = Vault XP percentage of total XP
 D = Non-vault monster count
 E = Vault monster count
 F = Vault count percentage of total count
                 A         B        C        D         E       F
            +---------+---------+-------+---------+---------+-------
      Total |      22 |       0 |   0.0 |      11 |       0 |   0.0
            +---------+---------+-------+---------+---------+-------
        D:1 |      15 |       0 |   0.0 |       6 |       0 |   0.0
        D:2 |       7 |       0 |   0.0 |       5 |       0 |   0.0
            +---------+---------+-------+---------+---------+-------
